 Dungeon Crawl Stone Soup version 0.29.1-2-gbd0b4ee654 (webtiles) character file.

Game seed: 7165026003156519967

9851 GorkyZ the Spear-Bearer (level 11, -7/84 HPs)
             Began as a Formicid Gladiator on Nov 25, 2022.
             Was an Initiate of Gozag.
             Mangled by an Executioner (21 damage)
             ... on level 2 of the Abyss.
             The game lasted 00:42:05 (10011 turns).

GorkyZ the Spear-Bearer (Formicid Gladiator)       Turns: 10011, Time: 00:42:06

Health: -7/84      AC: 19    Str: 27    XL:     11   Next: 82%
Magic:  9/9        EV: 15    Int:  8    God:    Gozag
Gold:   1349       SH:  0    Dex: 15    Spells: 10/10 levels left

rFire   . . .      SeeInvis +   M - +10 glaive of Deetywny {spect, Fragile Str+4 SInv}
rCold   . . .      Faith    .   K - +0 buckler
rNeg    . . .      Spirit   .   l - +0 chain mail
rPois   .          Reflect  .   (helmet unavailable)
rElec   .          Harm     .   G - +0 cloak
rCorr   .          Rampage  .   x - +1 pair of gloves
Will    ++...      Clarity  +   d - +0 pair of boots
Stlth   ..........              (no amulet)
HPRegen 0.24/turn               h - +4 ring of protection
MPRegen 0.11/turn               D - +4 ring of evasion

@: confused, ambrosia-drunk, studying Polearms
A: permanent stasis, dig shafts and tunnels, antennae 3, four strong arms,
clarity, low MP 1, strong-willed 1
a: Dig, Shaft Self, Renounce Religion, Potion Petition, Call Merchant, Bribe
Branch


You were on level 2 of the Abyss.
You worshipped Gozag.
Gozag was most pleased with you.
You visited 2 branches of the dungeon, and saw 11 of its levels.
You visited the Abyss 1 time.
You also visited: Ossuary.

You collected 2360 gold pieces.
You spent 213 gold pieces at shops.
You paid 798 gold pieces to Gozag.

Inventory:

Hand Weapons
 a - a +0 quarterstaff
 r - a +3 war axe of electrocution
 M - the +10 glaive of Deetywny (weapon) {spect, Fragile Str+4 SInv}
   (You acquired it on level 7 of the Dungeon)

   When its wielder attacks, the weapon's spirit leaps out and strikes again.
   The spirit shares a part of any damage it takes with its wielder.
   Str:       It affects your strength (+4).
   SInv:      It lets you see invisible.
   Fragile:   It will be destroyed if unequipped.
 P - a +0 battleaxe
Missiles
 c - 3 throwing nets
 w - 10 poisoned darts (quivered)
 y - a javelin
 B - 17 boomerangs
Armour
 b - a +0 leather armour
 d - a +0 pair of boots (worn)
 g - a +0 ring mail
 l - a +0 chain mail (worn)
 x - a +1 pair of gloves (worn)
 A - a +1 scale mail
 E - the +4 ring mail of the Shining Light {Int+4 Dex+4}
   (You found it on level 6 of the Dungeon)

   Int:       It affects your intelligence (+4).
   Dex:       It affects your dexterity (+4).
 G - a +0 cloak (worn)
 K - a +0 buckler (worn)
Jewellery
 h - a +4 ring of protection (left hand)
 D - a +4 ring of evasion (right hand)
 N - a ring of protection from fire
 S - a ring of protection from cold
 U - a ring of ice
Wands
 o - a wand of iceblast (2)
 q - a wand of mindburst (11)
 O - a wand of flame (38)
 R - a wand of charming (14)
Scrolls
 i - 5 scrolls of teleportation
 m - a scroll of fear
 H - 2 scrolls of magic mapping
 J - a scroll of amnesia
 T - a scroll of enchant weapon
Potions
 e - 7 potions of lignification
 j - a potion of ambrosia
 k - 4 potions of brilliance
 n - a potion of berserk rage
 p - 4 potions of degeneration
 s - 4 potions of curing
 t - 4 potions of haste {unknown}
 u - a potion of cancellation {unknown}
 v - 3 potions of flight {unknown}
 z - 2 potions of might {unknown}
 C - 2 potions of attraction {unknown}
 F - 2 potions of resistance {unknown}
 I - a potion of invisibility {unknown}


   Skills:
 + Level 7.5 Fighting
 - Level 4.0(7.1) Axes
 + Level 9.3(9.9) Polearms
 - Level 3.4(6.8) Staves
 + Level 6.8 Throwing
 + Level 7.0 Armour
 + Level 6.6 Dodging
 + Level 8.3 Shields
 + Level 6.9 Evocations


You had 10 spell levels left.
You didn't know any spells.
Your spell library contained the following spells:

 Spells                   Type           Power      Damage    Failure   Level
 Necrotise                Necr           0%         1d4       95%         1
 Sandblast                Erth           0%         2d4       95%         1
 Passwall                 Tmut/Erth      0%         N/A       99%         2
 Call Canine Familiar     Summ           0%         N/A       100%        3
 Conjure Flame            Conj/Fire      0%         6-21      100%        3
 Ignite Poison            Fire/Tmut/Pois 0%         N/A       100%        3
 Portal Projectile        Hex/Tloc       0%         N/A       100%        3
 Stone Arrow              Conj/Erth      0%         3d7       100%        3
 Vampiric Draining        Necr           0%         2d6       100%        3
 Leda's Liquefaction      Hex/Erth       0%         N/A       100%        4
 Sticky Flame             Conj/Fire      0%         2d3       100%        4
 Agony                    Necr           0%         N/A       100%        5


Dungeon Overview and Level Annotations

Branches:
Dungeon (10/15)            Temple (1/1) D:4            Lair (0/5) D:9
    Orc (0/2) D:9         Ossuary (visited)

Altars:
Ashenzari
Cheibriados
Elyvilon
Gozag
Makhleb
Nemelex Xobeh
Okawaru
Qazlal
Ru
Sif Muna
Trog
Vehumet
Xom
Yredelemnul
Zin

Shops:
D:9 *

Annotations:
D:10 Sonja


Innate Abilities, Weirdness & Mutations

You cannot be hasted, slowed, berserked, paralysed or teleported.
You can dig through walls and to a lower floor.
You have a pair of large antennae on your head. (SInv)
Your four strong arms can wield two-handed weapons with a shield.
You possess an exceptional clarity of mind.
Your magical capacity is low. (-10% MP)
You are strong-willed. (Will+)


Message History

The Executioner hits you but does no damage. x2
The Executioner barely misses you. The Executioner hits you.
* * * LOW HITPOINT WARNING * * *
You block the Executioner's attack. The Executioner closely misses you.
The Executioner barely misses you. The Executioner hits you.
* * * LOW HITPOINT WARNING * * *
You are confused.
You feel invigorated. The Executioner hits you!
* * * LOW HITPOINT WARNING * * *
The Executioner hits you but does no damage. x2
The Executioner barely misses you.
The Executioner hits you but does no damage.
The Executioner hits you.
* * * LOW HITPOINT WARNING * * *
The Executioner barely misses you.
The Executioner hits you but does no damage. x2
The ynoxinul gestures.
You barely miss the Executioner.
Your +10 glaive of Deetywny {spect, Fragile Str+4 SInv} hits the Executioner from afar!!
The Executioner hits you but does no damage. x3
The Executioner hits you.
* * * LOW HITPOINT WARNING * * *
The Executioner hits you.
* * * LOW HITPOINT WARNING * * *
The Executioner hits you but does no damage. x2
The Executioner hits you.
* * * LOW HITPOINT WARNING * * *
The Executioner hits you but does no damage. x3
The Executioner completely misses you.
You miss the Executioner.
The Executioner is moderately wounded.
Your +10 glaive of Deetywny {spect, Fragile Str+4 SInv} hits the Executioner from afar!
The Executioner completely misses you.
The Executioner hits you but does no damage.
The Executioner hits you.
* * * LOW HITPOINT WARNING * * *
The Executioner hits you but does no damage. x3
The Executioner hits you!!
You die...
Your body crumbles into a pile of gold.

#?.$######
#R#[....## ##
#
{{{#3#≈....##
. .
#.##§##.≈# .
..# .# #{{##
#.5# ...# # .
# # ##..#..#
. . .##hx{.#
.. . ##1### #
. .. .# ##@##
#. .# . ##(.#
# ....#
..#...# ##
.#..#
....##.# ##
..# ...##...
.# ..# #.
...### .# . #
. . .#. . # .
.##### . # .#
# #


You could see an Executioner (fast), a rakshasa, a hell hog, an unseen horror
(invisible), a ynoxinul, an ufetubus (summoned) and a friendly +10 glaive of
Deetywny {spect, Fragile Str+4 SInv} (summoned).

Vanquished Creatures
  A two-headed ogre (D:10)
  Lodul (D:10)
  Pikel (D:8)
  Maurice (D:8)
  A kobold demonologist (D:9)
  Psyche (D:9)
  A large abomination (Abyss:2)
  A troll (D:10)
  A hornet (D:10)
  4 dream sheep (D:9)
  A wraith (D:6)
  7 yaks
  A neqoxec (Abyss:2)
  2 wargs (D:9)
  An acid dragon (D:9)
  4 water moccasins
  3 sky beasts
  An ice beast (D:7)
  2 black bears
  5 orc warriors (D:9)
  6 ogres (D:10)
  4 centaurs
  A lemure (D:8)
  A kobold brigand (D:10)
  4 bullfrogs
  6 scorpions
  3 gnoll sergeants
  A necrophage (D:8)
  2 wights (D:8)
  A howler monkey (D:4)
  2 gnoll boudas
  3 hounds
  5 orc priests
  Ijyb (D:5)
  5 iguanas
  10 orc wizards
  8 mummies (Ossuary)
  16 gnolls
  5 adders
  2 white imps
  2 ufetubi
  2 worms
  A dart slug (D:5)
  41 orcs
  3 ball pythons
  8 endoplasms
  2 giant cockroaches
  A gnoll zombie (Ossuary)
  5 goblins
  10 hobgoblins
  2 jackals (D:5)
  4 quokkas
  3 bats
  3 frilled lizards
  3 hobgoblin zombies (Ossuary)
  7 kobolds
  2 kobold zombies (Ossuary)
  2 orc zombies (Ossuary)
  9 rats
236 creatures vanquished.

Vanquished Creatures (others)
  A wight (D:8)
  A quokka (D:4)
  A fungus (D:6)
  3 plants (D:2)
  3 withered plants (D:2)
9 creatures vanquished.

Grand Total: 245 creatures vanquished

Notes
Turn   | Place    | Note
-------+----------+-------------------------------------------
     0 | D:1      | GorkyZ the Formicid Gladiator began the quest for the Orb.
     0 | D:1      | Reached XP level 1. HP: 16/16 MP: 1/1
   274 | D:1      | Reached XP level 2. HP: 17/22 MP: 2/2
   656 | D:1      | Reached XP level 3. HP: 23/28 MP: 3/3
  1363 | D:2      | Reached skill level 1 in Armour
  1417 | D:2      | Reached XP level 4. HP: 34/34 MP: 4/4
  1424 | D:2      | Reached skill level 1 in Shields
  1469 | D:2      | Found a faded altar of an unknown god.
  1823 | D:3      | Found a sparkling altar of Nemelex Xobeh.
  1842 | D:3      | Found a burning altar of Makhleb.
  2333 | D:4      | Reached skill level 1 in Axes
  2333 | D:4      | Reached skill level 1 in Evocations
  2333 | D:4      | Reached XP level 5. HP: 39/39 MP: 5/5
  2337 | D:4      | Reached skill level 1 in Polearms
  2507 | D:4      | Reached XP level 6. HP: 45/46 MP: 6/6
  2595 | D:4      | Found a staircase to the Ecumenical Temple.
  2604 | Temple   | Entered the Ecumenical Temple
  2688 | Temple   | Became a worshipper of Gozag Ym Sagoz the Greedy
  2792 | D:4      | Found a radiant altar of Vehumet.
  2865 | D:4      | Found a white marble altar of Elyvilon.
  2994 | D:5      | Entered Level 5 of the Dungeon
  3010 | D:5      | Noticed Ijyb
  3039 | D:5      | Killed Ijyb
  3086 | D:5      | Reached skill level 2 in Polearms
  3101 | D:5      | Found an iron altar of Okawaru.
  3185 | D:5      | Reached XP level 7. HP: 52/52 MP: 7/7
  3981 | D:6      | Identified the +4 ring mail of the Shining Light {Int+4
                  | Dex+4}
  3990 | D:6      | Reached skill level 3 in Polearms
  4179 | D:6      | Found a sand-covered staircase.
  4194 | Ossuary  | Entered an ossuary
  4230 | Ossuary  | Reached XP level 8. HP: 29/60 MP: 8/8
  4790 | D:6      | Found a bloodstained altar of Trog.
  4790 | D:6      | Found a sacrificial altar of Ru.
  4792 | D:6      | Found a shimmering altar of Xom.
  4830 | D:6      | Reached skill level 4 in Polearms
  5430 | D:6      | Noticed a wraith
  5460 | D:6      | Killed a wraith
  5461 | D:6      | Reached XP level 9. HP: 38/66 MP: 9/9
  5645 | D:6      | Found a broken altar of Ashenzari.
  6057 | D:7      | Reached skill level 5 in Polearms
  6391 | D:7      | Found a snail-covered altar of Cheibriados.
  6693 | D:7      | Reached skill level 5 in Shields
  6836 | D:7      | Reached skill level 5 in Fighting
  7073 | D:7      | Identified a scroll of acquirement
  7073 | D:7      | Acquired the +10 glaive of Deetywny {spect, Fragile Str+4
                  | SInv}
  7150 | D:8      | Found a stormy altar of Qazlal.
  7197 | D:8      | Noticed Maurice
  7210 | D:8      | Reached skill level 6 in Polearms
  7213 | D:8      | Reached skill level 5 in Dodging
  7213 | D:8      | Killed Maurice
  7214 | D:8      | Reached skill level 5 in Throwing
  7214 | D:8      | Reached XP level 10. HP: 60/74 MP: 10/10
  7323 | D:8      | Reached skill level 5 in Armour
  7352 | D:8      | Noticed Pikel
  7356 | D:8      | Killed Pikel
  7357 | D:8      | Reached skill level 5 in Evocations
  7430 | D:8      | Reached skill level 7 in Polearms
  7871 | D:9      | Found a staircase to the Orcish Mines.
  8039 | D:9      | Noticed Psyche
  8048 | D:9      | Killed Psyche
  8078 | D:9      | Found a staircase to the Lair.
  8165 | D:9      | Noticed a kobold demonologist
  8169 | D:9      | Noticed a soul eater
  8172 | D:9      | Noticed a smoke demon
  8191 | D:9      | Killed a kobold demonologist
  8192 | D:9      | Reached XP level 11. HP: 10/83 MP: 11/11
  8562 | D:9      | Reached skill level 8 in Polearms
  9232 | D:9      | Gained mutation: You are clumsy. (Dex -2) [potion of
                  | mutation]
  9232 | D:9      | Gained mutation: You are dopey. (Int -2) [potion of
                  | mutation]
  9232 | D:9      | Gained mutation: You occasionally shout uncontrollably at
                  | your foes. [potion of mutation]
  9232 | D:9      | Gained mutation: You possess an exceptional clarity of
                  | mind. [potion of mutation]
  9233 | D:9      | Lost mutation: You occasionally shout uncontrollably at
                  | your foes. [potion of mutation]
  9233 | D:9      | Lost mutation: You are dopey. (Int -2) [potion of mutation]
  9233 | D:9      | Lost mutation: You are clumsy. (Dex -2) [potion of
                  | mutation]
  9233 | D:9      | Gained mutation: You are strong-willed. (Will+) [potion of
                  | mutation]
  9235 | D:9      | Bought a short copper wand for 104 gold pieces
  9235 | D:9      | Bought a wand of flame (6) for 109 gold pieces
  9240 | D:10     | Entered Level 10 of the Dungeon
  9254 | D:10     | Noticed a two-headed ogre
  9264 | D:10     | Killed a two-headed ogre
  9551 | D:10     | Noticed Lodul
  9582 | D:10     | Killed Lodul
  9583 | D:10     | Reached skill level 9 in Polearms
  9876 | D:10     | Noticed Sonja
  9882 | Abyss:2  | Found a corrupted altar of Lugonu.
  9882 | Abyss:2  | Cast into level 2 of the Abyss (Sonja)
  9999 | Abyss:2  | Noticed a hell hog
  9999 | Abyss:2  | Noticed a glowing orange brain
  9999 | Abyss:2  | Noticed a red ugly thing
  9999 | Abyss:2  | Noticed a rakshasa
  9999 | Abyss:2  | Noticed an Executioner
 10000 | Abyss:2  | Gained mutation: Your magical capacity is low. (-10% MP) [a
                  | neqoxec]
 10001 | Abyss:2  | Noticed a bone dragon
 10011 | Abyss:2  | Mangled by an Executioner

Illustrated notes

Levels and vault maps discovered:
D:1:      dpeg_arrival_tiny_a, layout_rooms, minmay_pentomino_r4
D:2:      layout_loops_ring, shapermc_ecumenical_altar_flowoftime,
          minmay_fountain_box
D:3:      layout_basic, nemelex_xobeh_ov_fountains_minmay, bloody_makhleb,
          nicolae_elevator_lobby_plus
D:4:      layout_cave_pools, nicolae_vehumet_radiance, elyvilon_altar_4,
          minmay_temple_entry_mist, uniq_menkaure
D:5:      minmay_general_purpose_star, layout_basic, old_standard_altar,
          uniq_ijyb
D:6:      layout_rooms, nicolae_ashenzari_panopticon, minitemple,
          chequers_ossuary_entry_cave, serial_aquarium, aquarium_bridge_square
          [aquarium_subvault_wall, aquarium_subvault_window,
          aquarium_subvault_wall, aquarium_subvault_bridge],
          aquarium_bridge_square [aquarium_subvault_window,
          aquarium_subvault_window, aquarium_subvault_bridge,
          aquarium_subvault_bridge], aquarium_window_corridor_2,
          aquarium_window_corner, aquarium_window_2, aquarium_window_corner,
          aquarium_view_2f, aquarium_view_2c, aquarium_balcony_1b,
          amcnicky_mini_pool_small
D:7:      layout_cave_pods, kennysheep_mini_moat
D:8:      layout_basic, nicolae_qazlal_scattered_showers, minmay_crystal_room,
          uniq_pikel, uniq_maurice
D:9:      layout_long_grid, erik_lair_orcish_takeover, david_orc_5,
          dreamdust_gnoll_shepherd, uniq_psyche
D:10:     layout_big_octagon, nzn_life_drinkers, uniq_lodul, uniq_josephine,
          uniq_urug, uniq_sonja
Temple:   grunt_temple_mini_profane
Abyss:2:  base: D:2, base: D:4, hangedman_classic_abyss_death

Skill      XL: |  1  2  3  4  5  6  7  8  9 10 11 |
---------------+----------------------------------+-----
Armour         | 1 2 3 4 6 7 |  7.0
Shields        | 1 2 3 4 5 7 8 |  8.3
Axes           | 1 2 3 4 |  4.0
Dodging        | 3 4 5 6 |  6.6
Evocations     | 1 2 3 4 6 |  6.9
Polearms       | 1 2 3 4 6 7 9 |  9.3
Fighting       | 3 4 5 6 7 |  7.5
Throwing       | 3 4 5 6 |  6.8
Staves         | |  3.4

Action                   |  1- 3 |  4- 6 |  7- 9 | 10-12 || total
-------------------------+-------+-------+-------+-------++-------
Melee: Quarterstaff      |    79 |       |       |       ||    79
       War axe           |    27 |    91 |   183 |       ||   301
       Punch             |       |     1 |     3 |       ||     4
       Glaive            |       |       |    11 |   110 ||   121
Throw: Throwing net      |       |       |     3 |       ||     3
       Javelin           |       |       |     1 |       ||     1
       Boomerang         |       |       |    37 |    27 ||    64
       Dart              |       |       |       |    41 ||    41
Invok: Call Merchant     |       |       |       |     1 ||     1
Evoke: Wand              |       |       |       |    23 ||    23
  Use: Scroll            |       |       |    16 |     5 ||    21
       Potion            |       |       |     1 |     7 ||     8
 Stab: Distracted        |       |       |     4 |     2 ||     6
Armor: Ring mail         |    55 |    40 |       |       ||    95
       Scale mail        |       |    22 |    36 |       ||    58
       Chain mail        |       |       |    58 |    56 ||   114
Dodge: Dodged            |    67 |    65 |   139 |    63 ||   334
Block: Buckler           |       |       |    10 |    27 ||    37
